 Dungeon Crawl Stone Soup version 0.21-a0-460-g737a915 (webtiles) character file.

1661 tof the Covert (level 9, -2/60 HPs)
             Began as an Octopode Assassin on Nov 20, 2017.
             Was an Initiate of Dithmenos.
             Slain by a black bear (3 damage)
             ... while paralysed
             ... on level 7 of the Dungeon.
             The game lasted 00:11:23 (7483 turns).

tof the Covert (Octopode Assassin)                  Turns: 7483, Time: 00:11:23

Health: -2/60      AC:  1    Str: 10    XL:     9   Next: 0%
Magic:  9/9        EV:  2    Int: 13    God:    Dithmenos [......]
Gold:   443        SH:  0    Dex: 17    Spells: 8/8 levels left

rFire    . . .     SeeInvis +   a - +1 rapier (venom)
rCold    . . .     Gourm    .   (no shield)
rNeg     . . .     Faith    .   (helmet restricted)
rPois    .         Spirit   .   G - amulet of regeneration
rElec    .         Reflect  .   B - ring of wizardry
rCorr    +         Harm     .   z - ring of see invisible
MR       .....                  H - ring of resist corrosion
Stlth    +++++.....             (no ring)
HPRegen  0.60/turn              (no ring)
MPRegen  0.11/turn              (no ring)
                                (no ring)
                                (no ring)

@: paralysed, fainting
A: almost no armour, stealthy swim, amphibious, 8 rings, constrict 8, camouflage
1, gelatinous body 1
a: Renounce Religion


You were on level 7 of the Dungeon.
You worshipped Dithmenos.
Dithmenos was noncommittal.
You were fainting.

You visited 2 branches of the dungeon, and saw 8 of its levels.

You collected 443 gold pieces.

Inventory:

Hand Weapons
 a - a +1 rapier of venom (weapon)
 b - a +0 blowgun
 h - a +2 dagger
 E - a +2 dagger of protection
Missiles
 d - 2 curare-tipped needles
 f - 20 poisoned needles
 i - 10 tomahawks (quivered)
 u - 4 needles of confusion
Jewellery
 z - a ring of see invisible (right tentacle)
 B - a ring of wizardry (left tentacle)
 G - an amulet of regeneration (around mantle)
 H - a ring of resist corrosion (on tentacle)
 L - an uncursed ring of wizardry
Wands
 y - a wand of digging (9)
Scrolls
 g - a scroll of fog
 k - 6 scrolls of teleportation
 l - 3 scrolls of enchant armour
 n - a scroll of immolation
 r - 2 scrolls of fear
 s - 4 scrolls of remove curse
 v - 2 scrolls of noise {unknown}
 A - 2 scrolls of enchant weapon {unknown}
 D - 2 scrolls of identify
 I - a scroll of amnesia {unknown}
 J - a scroll of magic mapping {unknown}
 K - a scroll of random uselessness {unknown}
Potions
 e - a potion of magic {unknown}
 j - a potion of heal wounds
 o - 4 potions of curing {unknown}
 p - a potion of might {unknown}
 q - a potion of lignification {unknown}
 t - a potion of degeneration {unknown}
 x - 2 potions of agility {unknown}
 C - a potion of brilliance {unknown}
Comestibles
 c - 4 bread rations
 m - a meat ration
 w - 10 fruits
 F - 2 chunks of flesh


   Skills:
 + Level 4.8 Fighting
 * Level 6.7 Short Blades
 + Level 4.8 Throwing
 + Level 4.3 Dodging
 + Level 8.4 Stealth


You had 8 spell levels left.
You didn't know any spells.

Dungeon Overview and Level Annotations

Branches:
Dungeon (7/15)             Temple (1/1) D:6

Altars:
Ashenzari
Dithmenos
Elyvilon
Gozag
Hepliaklqana
Kikubaaqudgha
Okawaru
Qazlal
Vehumet
Yredelemnul


Innate Abilities, Weirdness & Mutations

You cannot wear most types of armour.
You are very stealthy in the water. (Stealth+)
You are amphibious.
You can wear up to eight rings at the same time.
You can use your tentacles to constrict eight enemies at once.
Your skin changes colour to match your surroundings (Stealth+).
Your rubbery body absorbs attacks. (AC +1, EV +1)


Message History

The black bear claws you.
* * * LOW HITPOINT WARNING * * *
The black bear claws you.
* * * LOW HITPOINT WARNING * * *
The hungry ghost hits you.
* * * LOW HITPOINT WARNING * * *
You feel slightly more hungry. The black bear bites you.
* * * LOW HITPOINT WARNING * * *
The black bear claws you.
* * * LOW HITPOINT WARNING * * *
The black bear claws you.
* * * LOW HITPOINT WARNING * * *
The hungry ghost hits you.
* * * LOW HITPOINT WARNING * * *
You feel slightly more hungry.
The orc wizard mumbles some strange words.
The orc wizard flickers and vanishes for a moment.
The black bear bites you but does no damage.
The black bear completely misses you. The black bear claws you.
You die...

.... .#.......# ############
.........# #..........#####
.........# #..............#
.........# #..............#
.........## #..............#
..........###..........)...#
....................>......#
.(.........##...@o.....>...#
......##....#...Who........#
............###oooo........#
............# #............#
....#...#####
#......######## ....#####
##.....$.[...... ........
#............... ........
#....##......... .........
#...............


You could see a hungry ghost, an orc warrior, a black bear, 2 orc wizards and 3
orcs.

Vanquished Creatures
  The ghost of tof the Sneak, a novice OpAs of Dithmenos (D:5)
  2 ogres (D:4)
  A centaur (D:5)
  A bullfrog (D:6)
  A wyvern zombie (D:6)
  3 scorpions
  A centaur zombie (D:5)
  4 crimson imps
  A bullfrog zombie (D:5)
  A hound (D:5)
  2 jellies
  An orc priest (D:5)
  A bullfrog skeleton (D:6)
  A centaur skeleton (D:6)
  Jessica (D:2)
  3 iguanas
  4 worker ants
  3 orc wizards
  2 hound skeletons (D:5)
  10 adders
  A shadow imp (D:7)
  4 dart slugs
  3 worms
  3 leopard geckos
  8 orcs
  4 giant cockroaches
  7 goblins
  7 hobgoblins
  7 jackals (D:4)
  4 quokkas
  7 bats
  4 frilled lizards
  A jackal skeleton (D:4)
  6 kobolds
  7 rats
117 creatures vanquished.

Notes
Turn   | Place    | Note
-------+----------+-------------------------------------------
     0 | D:1      | tof the Octopode Assassin began the quest for the Orb.
     0 | D:1      | Reached XP level 1. HP: 14/14 MP: 1/1
   100 | D:1      | Reached XP level 2. HP: 19/19 MP: 2/2
   983 | D:1      | Reached XP level 3. HP: 17/24 MP: 3/3
  1655 | D:2      | Noticed Jessica
  1665 | D:2      | Killed Jessica
  1665 | D:2      | Reached XP level 4. HP: 8/30 MP: 4/4
  2813 | D:3      | Reached skill level 6 in Stealth
  2813 | D:3      | Reached XP level 5. HP: 28/35 MP: 5/5
  3322 | D:4      | Noticed an ogre
  3326 | D:4      | Killed an ogre
  3326 | D:4      | Reached XP level 6. HP: 42/42 MP: 6/6
  4237 | D:4      | Reached XP level 7. HP: 36/46 MP: 7/7
  4683 | D:5      | Entered Level 5 of the Dungeon
  4735 | D:5      | Noticed tof's ghost (novice OpAs)
  4777 | D:5      | Killed tof's ghost
  4777 | D:5      | Reached skill level 5 in Short Blades
  4777 | D:5      | Reached skill level 7 in Stealth
  4888 | D:5      | Reached XP level 8. HP: 54/54 MP: 8/8
  5153 | D:5      | HP: 2/54 [something/puff of flame (5)]
  5861 | D:6      | Found an opulent altar of Gozag.
  5890 | D:6      | Found a staircase to the Ecumenical Temple.
  5917 | Temple   | Entered the Ecumenical Temple
  5937 | Temple   | Became a worshipper of Dithmenos the Shadowed
  6436 | D:6      | Reached skill level 8 in Stealth
  7346 | D:7      | Reached XP level 9. HP: 57/60 MP: 9/9
  7478 | D:7      | Paralysed by fainting for 12 turns
  7483 | D:7      | HP: 1/60 [hungry ghost (3)]
  7483 | D:7      | Slain by a black bear

Vault maps used:
D:1:      mrwooster_arrival_statue_2
D:2:      first_bread, uniq_jessica
D:3:      kennysheep_big_flooded_room
D:6:      grunt_gozag_breadcrumbs, minmay_temple_entry_overgrown,
          minmay_hedge_maze
Temple:   nicolae_temple_the_god_donut

Skill      XL: |  1  2  3  4  5  6  7  8 |
---------------+-------------------------+-----
Short Blades   | 3 4 5 6 |  6.7
Dodging        | 2 3 4 |  4.3
Stealth        | 6 7 8 |  8.4
Fighting       | 3 4 |  4.8
Throwing       | 3 4 |  4.8

Action                   |  1- 3 |  4- 6 |  7- 9 || total
-------------------------+-------+-------+-------++-------
Melee: Dagger            |    57 |   117 |   169 ||   343
       Constrict         |    11 |    31 |    21 ||    63
       Tentacles         |     8 |    25 |    46 ||    79
       Rapier            |       |       |    32 ||    32
 Fire: Blowgun           |       |    18 |       ||    18
Throw: Tomahawk          |       |     3 |    14 ||    17
  Use: Scroll            |       |     5 |     2 ||     7
       Potion            |       |       |     2 ||     2
 Stab: Sleeping          |    16 |    13 |    16 ||    45
  Eat: Chunk             |     2 |     8 |     5 ||    15
       Bread ration      |       |       |     1 ||     1
       Royal jelly       |       |       |     1 ||     1
Armor: Skin              |     7 |     8 |    21 ||    36
Dodge: Dodged            |    23 |    62 |    93 ||   178

Table legend:
 A = Spawn XP
 B = Non-spawn XP
 C = Spawn XP percentage of total XP
 D = Spawn monster count
 E = Non-spawn monster count
 F = Spawn count percentage of total count
 G = Total turns spent on level
                    A         B        C        D         E        F      G
               +---------+---------+-------+---------+---------+-------+---------
         Total |       0 |    2374 |   0.0 |       0 |     117 |   0.0 |  7483
               +---------+---------+-------+---------+---------+-------+---------
           D:1 |       0 |      35 |   0.0 |       0 |      19 |   0.0 |  1162
           D:2 |       0 |      64 |   0.0 |       0 |      11 |   0.0 |   906
           D:3 |       0 |     105 |   0.0 |       0 |      24 |   0.0 |  1047
           D:4 |       0 |     418 |   0.0 |       0 |      23 |   0.0 |  1568
           D:5 |       0 |    1062 |   0.0 |       0 |      22 |   0.0 |  1397
           D:6 |       0 |     634 |   0.0 |       0 |      13 |   0.0 |  1192
           D:7 |       0 |      56 |   0.0 |       0 |       5 |   0.0 |   177
               +---------+---------+-------+---------+---------+-------+---------
